Map: Abyssal Reef LE

Players

umopapisdn

  • Race: Zerg Zerg
  • League: Gold
  • Spawn Location: 5:00

VOD

Have the link to the VOD?

Description

Time

  • Played on: Feb. 9, 2025, 8:28 p.m.
  • Length: 8:38
Show
View Real Time Build Order
Export as new Build Order

umopapisdn Zerg 

Build Orders: Hatch First 

Get SALT Encoding   

  12  0:00  Drone  
  13  0:13  Overlord  
  13  0:17  Drone  
  14  0:31  Drone x2  
  16  0:49  Hatchery  
  15  0:53  Drone  
  15  0:55  Drone  
  17  0:59  Drone  
  18  1:08  Extractor  
  17  1:14  Spawning Pool  
  17  1:17  Drone  
  17  1:20  Drone  
  18  1:28  Drone  
  19  1:39  Drone  
  20  1:50  Drone  
  21  2:01  Queen x2  
  21  2:04  Zergling x4  
  27  2:18  Hatchery  
  27  2:22  Overlord  
  26  2:28  Metabolic Boost  
  26  2:35  Drone x2  
  28  2:45  Queen  
  28  2:47  Drone  
  28  2:48  Drone  
  33  2:51  Drone  
  33  2:56  Overlord  
  33  2:59  Drone  
  33  3:01  Drone  
  33  3:03  Drone  
  36  3:08  Overlord  
  36  3:18  Drone x2  
  38  3:21  Drone x2  
  38  3:22  Drone  
  38  3:23  Drone  
  38  3:26  Overlord  
  42  3:38  Drone x3  
  45  3:42  Roach Warren  
  45  3:44  Drone  
  45  3:45  Drone x3  
  48  3:48  Overlord  
  48  3:56  Queen  
  48  4:02  Lair  
  50  4:03  Extractor  
  50  4:07  Drone x3  
  52  4:11  Drone x3  
  55  4:21  Spore Crawler  
  54  4:25  Spore Crawler x2  
  52  4:32  Zergling x6  
  52  4:37  Roach x5  
  65  4:41  Drone x4  
  65  4:42  Drone  
  65  4:44  Drone  
  71  4:46  Drone  
  72  4:53  Overlord  
  72  4:54  Overlord  
  72  4:57  Drone x2  
  74  5:06  Glial Reconstitution  
  74  5:14  Evolution Chamber x2  
  72  5:21  Overseer  
  72  5:30  Drone x9  
  72  5:31  Hatchery, Drone x7  
  72  5:33  Overlord  
  87  5:42  Queen  
  87  5:48  Extractor  
  87  5:49  Extractor  
  87  6:02  Zerg Ground Armor Level 1, Zerg Missile Weapons Level 1  
  87  6:03  Extractor  
  86  6:09  Roach x6, Extractor  
  86  6:10  Overlord x2  
  86  6:11  Overlord  
  97  6:26  Drone  
  97  6:29  Drone x2  
  97  6:31  Drone x2  
  97  6:32  Drone  
  103  6:42  Roach  
  103  6:43  Roach x6, Overlord x2  
  103  6:44  Overlord x2  
  117  6:49  Hydralisk Den  
  117  6:50  Hatchery  
  115  6:56  Drone x3  
  115  6:57  Drone x3  
  115  6:58  Drone x4  
  115  6:59  Overlord  
  125  7:09  Roach  
  125  7:10  Roach x3  
  133  7:16  Drone  
  133  7:18  Drone  
  133  7:21  Roach x2  
  139  7:26  Roach x4  
  139  7:27  Overlord  
  147  7:30  Overlord  
  147  7:32  Grooved Spines  
  147  7:38  Roach x5  
  147  7:39  Overlord  
  147  7:40  Overlord  
  147  7:41  Roach  
  159  7:44  Roach  
  159  7:45  Roach x2  
  165  7:56  Roach x6  
  177  8:08  Roach x9  
  177  8:10  Roach x2  
  199  8:13  Drone  
  200  8:20  Extractor  
  200  8:22  Infestation Pit  
  200  8:23  Extractor  
  197  8:29  Spire  
Tags
 
Add a new tag
Caveats
  • Supply blocks, unpowered buildings, or Contaminate may cause inaccurate times.
  • Supply counts are checked every 10 seconds.